 Dungeon Crawl Stone Soup version 0.30-a0-43-gbbf338a72c (webtiles) character file.

Game seed: 16166656270941758907

2 MrFrogsmire the Conjurer (level 1, 0/13 HPs)
             Began as a Human Conjurer on Sept 1, 2022.
             Slain by a hobgoblin (3 damage)
             ... on level 1 of the Dungeon.
             The game lasted 00:02:00 (102 turns).

MrFrogsmire the Conjurer (Human Conjurer)            Turns: 102, Time: 00:02:01

Health: 0/13       AC:  2    Str:  7    XL:     1   Next: 44%
Magic:  3/3        EV: 12    Int: 18    God:
Gold:   0          SH:  0    Dex: 11    Spells: 3/4 levels left

rFire   . . .      SeeInvis .    g - +0 sling
rCold   . . .      Faith    .    (no shield)
rNeg    . . .      Spirit   .    a - +0 robe
rPois   .          Reflect  .    (no helmet)
rElec   .          Harm     .    (no cloak)
rCorr   .          Rampage  .    (no gloves)
Will    .....                    (no boots)
Stlth   ++........               (no amulet)
HPRegen 0.04/turn                (no ring)
MPRegen 0.08/turn                (no ring)

@: no status effects
A: no striking features
a: no special abilities


You were on level 1 of the Dungeon.
You visited 1 branch of the dungeon, and saw 1 of its levels.

Inventory:

Hand Weapons
 c - a +0 hand axe
 f - a +0 dagger
 g - a +0 sling (weapon)
Armour
 a - a +0 robe (worn)
Scrolls
 d - a scroll of teleportation {unknown}
Potions
 b - a potion of magic
 e - a potion of curing {unknown}


   Skills:
 + Level 2.0 Dodging
 + Level 2.0 Stealth
 + Level 2.0 Spellcasting
 + Level 4.1 Conjurations


You had 3 spell levels left.
You knew the following spells:

 Your Spells              Type           Power      Damage    Failure   Level
a - Magic Dart            Conj           64%        1d6       3%          1

Your spell library contained the following spells:

 Spells                   Type           Power      Damage    Failure   Level
 Searing Ray              Conj           32%        2d5       4%          2
 Dazzling Flash           Conj/Hex       18%        N/A       24%         3
 Fulminant Prism          Conj/Hex       4%         3d6       61%         4
 Iskenderun's Mystic Bla  Conj/Tloc      9%         2d4       61%         4


Dungeon Overview and Level Annotations

Branches:
Dungeon (1/15)

Altars:


Message History

The ball python is severely wounded.
The ball python bites you but does no damage.
The ball python constricts you.
You closely miss the ball python.
The ball python is severely wounded.
The ball python closely misses you. The ball python constricts you.
The ball python bites you. The ball python constricts you.
You barely miss the ball python.
The ball python is severely wounded.
The ball python closely misses you. The ball python constricts you.
The ball python closely misses you. The ball python constricts you.
You hit the ball python.
You kill the ball python!
You see here a ball python corpse.
You see here a ball python corpse.
You see here a +0 sling.
g - a +0 sling
Okay, then.
Your magic is already full.
Your magic is already full.
f - a +0 dagger (weapon)
g - a +0 sling (weapon)
A hobgoblin comes into view.
A ball python comes into view.
The ball python hisses angrily.
Really attack while wielding your +0 sling? [Y]es or [N]o only, please.
Really attack while wielding your +0 sling? [Y]es or [N]o only, please.
Really attack while wielding your +0 sling? [Y]es or [N]o only, please.
Really attack while wielding your +0 sling?
You clumsily bash the hobgoblin but do no damage.
The hobgoblin closely misses you.
You clumsily bash the hobgoblin but do no damage.
The hobgoblin misses you. The hobgoblin closely misses you.
You closely miss the hobgoblin. The ball python bites you.
* * * LOW HITPOINT WARNING * * *
The ball python barely misses you. The hobgoblin hits you.
You die...

#.# #. #.# #.
#.# ##.##.#
#...#.#
###...#.#
#......g#######
#......@S......
#..............
##....########.
#....# #..###
#..# #..# ###
## #..# #.. ..
#..# #.# ..


You could see a hobgoblin and a ball python.

Vanquished Creatures
  A ball python (D:1)
  A goblin (D:1)
2 creatures vanquished.

Notes
Turn   | Place    | Note
-------+----------+-------------------------------------------
     0 | D:1      | MrFrogsmire the Human Conjurer began the quest for the Orb.
     0 | D:1      | Reached XP level 1. HP: 13/13 MP: 3/3
   102 | D:1      | Slain by a hobgoblin

Illustrated notes

Levels and vault maps discovered:
D:1:      eino_arrival_cavern_a, layout_loops_ring,
          ebering_ecumenical_altar_abandoned

Action                   || total
-------------------------++-------
Melee: Hand axe          ||    13
       Sling             ||     3
Armor: Robe              ||     2
Dodge: Dodged            ||    14

Table legend: (Time is in decaauts)
 A = Elapsed time spent in this place.
 B = Non-inter-level travel time spent in this place.
 C = Inter-level travel time spent in this place.
 D = Time resting spent in this place.
 E = Time spent auto-exploring this place.
 F = Levels seen in this place.
 G = Mean time per level.
                   A        B        C        D        E       F      G
               +--------+--------+--------+--------+--------+-----+--------+
         Total |    104 |     41 |     63 |      0 |      0 |   1 |  104.0 |
       Dungeon |    104 |     41 |     63 |      0 |      0 |   1 |  104.0 |
               +--------+--------+--------+--------+--------+-----+--------+

Top non-repeatable levels by time:
     D:1: 104 daAuts
